 Dungeon Crawl Stone Soup version 0.26-a0-720-g2a1d101370 (console) character file.

Game seed: 13735405725672624550

39 om the Insei (level 3, -2/27 HPs)
             Began as a Merfolk Transmuter on Nov 3, 2020.
             Slain by a centaur skeleton (6 damage)
             ... on level 3 of the Dungeon.
             The game lasted 00:02:47 (1499 turns).

om the Insei (Merfolk Transmuter)                   Turns: 1499, Time: 00:02:48

Health: -2/27      AC:  2    Str: 10    XL:     3   Next: 45%
Magic:  6/6        EV: 13    Int: 12    God:
Gold:   95         SH:  0    Dex: 15    Spells: 5/6 levels left

rFire    + . .     SeeInvis .   h - +2 dagger (elec)
rCold    + . .     Faith    .   (no shield)
rNeg     . . .     Spirit   .   a - +0 robe
rPois    +         Reflect  .   (no helmet)
rElec    +         Harm     .   (no cloak)
rCorr    +         Rampage  .   (no gloves)
MR       .....                  (no boots)
Stlth    +.........             (no amulet)
HPRegen  0.09/turn              (no ring)
MPRegen  0.10/turn              (no ring)

@: resistant
A: change form in water, swift swim, stealthy swim
a: no special abilities


You were on level 3 of the Dungeon.
You visited 1 branch of the dungeon, and saw 3 of its levels.

You collected 95 gold pieces.

Inventory:

Hand Weapons
 h - a +2 dagger of electrocution (weapon)
Armour
 a - a +0 robe (worn)
Jewellery
 g - an uncursed amulet of guardian spirit {unknown}
Scrolls
 b - a scroll of immolation {unknown}
 d - a scroll of identify {unknown}
 e - a scroll of enchant armour {unknown}
Potions
 f - a potion of lignification {unknown}
 i - a potion of curing {unknown}


   Skills:
 * Level 1.6 Fighting
 + Level 3.3 Dodging
 + Level 3.8 Unarmed Combat
 + Level 2.2 Spellcasting
 + Level 3.2 Transmutations


You had 5 spell levels left.
You knew the following spells:

 Your Spells              Type           Power        Failure   Level
a - Beastly Appendage     Tmut           #.....       7%          1

Your spell library contained the following spells:

 Spells                   Type           Power        Failure   Level
 Wereblood                Tmut           #.......     11%         2
 Spider Form              Tmut/Pois      #.........   38%         3
 Ice Form                 Ice/Tmut       #.......     80%         4
 Blade Hands              Tmut           #.........   89%         5


Dungeon Overview and Level Annotations

Branches:
Dungeon (2/15)

Altars:
Ru
Trog
Xom


Message History

a +0 hand axe; a +0 ring mail
Things that are here:
a +0 dagger; a goblin corpse
Items here: ( )))) [ †††.
An orc comes into view.
A rat comes into view.
A ball python comes into view.
The rat twitches its whiskers.
A jackal comes into view.
The jackal barks!
The ball python hisses angrily.
The rat barely misses you.
A centaur skeleton comes into view.
The rat completely misses you.
A rat comes into view.
The rat barely misses you.
Found a helmet.
An adder comes into view.
It was a potion of resistance.
You feel protected. The centaur skeleton hits you.
You die...

#.... ##..[.. ####
##....... #......#
#........ #....."#
#........ #......#
#........ #......#
#......S.
#......###@.....r. ###
#......SorZ....... ..#
#......#h.........
..#####.......o.........
...)).....#..#..........
..))#####...##.#........
..#.# #..#?..#........
###o......##.####.......
##....... .# #.....
#.....?. .# .#..
#......$...


You could see an adder (wandering), 2 orcs, a jackal, a ball python, 2 rats and
a centaur skeleton.

Vanquished Creatures
  A worm (D:2)
  A dart slug (D:3)
  3 orcs (D:3)
  5 bats (D:1)
  2 giant cockroaches (D:1)
  4 goblins
  4 hobgoblins
  3 frilled lizards
  2 kobolds (D:1)
  2 rats
27 creatures vanquished.

Notes
Turn   | Place    | Note
-------+----------+-------------------------------------------
     0 | D:1      | om the Merfolk Transmuter began the quest for the Orb.
     0 | D:1      | Reached XP level 1. HP: 15/15 MP: 3/3
   227 | D:1      | Reached XP level 2. HP: 19/21 MP: 3/5
   324 | D:1      | Found a sparkling altar of Nemelex Xobeh.
   337 | D:1      | Found a sacrificial altar of Ru.
   337 | D:1      | Found a shimmering altar of Xom.
   339 | D:1      | Found a shimmering altar of Xom.
   339 | D:1      | Found a bloodstained altar of Trog.
   339 | D:1      | Found a sacrificial altar of Ru.
  1004 | D:2      | Reached XP level 3. HP: 13/26 MP: 4/6
  1414 | D:2      | You fall into a shaft and drop 1 floor!
  1499 | D:3      | Slain by a centaur skeleton

Illustrated notes

Levels and vault maps discovered:
D:1:      dpeg_arrival_three_smaller_balls, layout_basic, interstate_on_off,
          doesnt_xom_only_xom
D:2:      layout_basic
D:3:      layout_rooms, minitemple, nicolae_overflow_hidden_temple,
          minmay_circle_x

Skill      XL: |  1  2 |
---------------+-------+-----
Dodging        | 3 |  3.3
Transmutations | 3 |  3.2
Fighting       | |  1.6
Unarmed Combat | |  3.8
Spellcasting   | |  2.2

Action                   || total
-------------------------++-------
Melee: Unarmed           ||    45
       Headbutt          ||    10
       Dagger            ||    41
 Cast: Beastly Appendage ||    15
  Use: Potion            ||     1
 Stab: Sleeping          ||     2
Armor: Robe              ||    17
Dodge: Dodged            ||    76

Table legend: (Time is in decaauts)
 A = Elapsed time spent in this place.
 B = Non-inter-level travel time spent in this place.
 C = Inter-level travel time spent in this place.
 D = Time resting spent in this place.
 E = Time spent auto-exploring this place.
 F = Levels seen in this place.
 G = Mean time per level.
                   A        B        C        D        E       F      G
               +--------+--------+--------+--------+--------+-----+--------+
         Total |   1495 |   1463 |     32 |    252 |   1003 |   3 |  498.3 |
       Dungeon |   1495 |   1463 |     32 |    252 |   1003 |   3 |  498.3 |
               +--------+--------+--------+--------+--------+-----+--------+

Top non-repeatable levels by time:
     D:1: 989 daAuts
     D:2: 420 daAuts
     D:3: 84 daAuts
